[ PARTIDA AOE2 · #477717340 ]
UnrankedEspañoles vs Huns
[ ANÁLISIS DE REPETICIÓN · EXTRAÍDO DE LA PARTIDA GRABADA ]
Feudal
12:56
Castillos
39:02
Imperial
—
| APM promedio | 34.1 |
| APM pico | 67 |
| eAPM promedio | 16.2 |
| Aldeanos / militares | 88 / 23 |
Foco
⚔️ 19.1% · 🌾 80.9%
Skirmisher ×12 · Militia ×6 · Spearman ×3 · Conquistador ×2
Feudal
13:31
Castillos
19:44
Imperial
—
| APM promedio | 26.1 |
| APM pico | 63 |
| eAPM promedio | 9.7 |
| Aldeanos / militares | 100 / 29 |
Foco
⚔️ 25.9% · 🌾 74.1%
Cavalry Archer ×27 · Archer ×2
Feudal
12:51
Castillos
29:28
Imperial
—
| APM promedio | 21.4 |
| APM pico | 55 |
| eAPM promedio | 9.8 |
| Aldeanos / militares | 57 / 37 |
Foco
⚔️ 25.8% · 🌾 74.2%
Spearman ×20 · Conquistador ×11 · Scout Cavalry ×6
Feudal
12:49
Castillos
24:51
Imperial
—
| APM promedio | 44.4 |
| APM pico | 99 |
| eAPM promedio | 24.0 |
| Aldeanos / militares | 106 / 74 |
Foco
⚔️ 31.5% · 🌾 68.5%
Monaspa ×32 · Knight ×20 · Scout Cavalry ×19 · Monk ×2 · Militia ×1
Mapa de la partida
Recursos iniciales + cada clic de construcción. Líneas = muros · curvas = relieve. ◆ oro · ⬟ piedra · ● bayas · ✦ reliquia · ◌ hueco del cierre
Tu base· Abierta — hueco de 8t
Base de Zuku_Ustaad· Abierta — hueco de 8t
Base de ing.alexander02· Abierta — flanco sin cerrar
Base de linb4411· Abierta — hueco de 7t
Terreno inicial suavizado · ◌ = hueco del cierre detectado · pasá el cursor para detalles
Inputs por minuto
— simon70828 - - Zuku_Ustaad
Build order — simon70828
Primeras 150 de 164 acciones detectadas
| 0:05 | Construir | House |
| 0:43 | Construir | Town Center |
| 2:45 | Crear | Villager (Male) |
| 2:46 | Crear | Villager (Male) |
| 2:46 | Crear | Villager (Male) |
| 2:46 | Crear | Villager (Male) |
| 2:46 | Crear | Villager (Male) |
| 3:46 | Crear | Villager (Male) |
| 3:47 | Crear | Villager (Male) |
| 4:18 | Construir | Barracks |
| 4:25 | Construir | House |
| 4:27 | Construir | House |
| 5:00 | Crear | Villager (Male) |
| 5:00 | Crear | Villager (Male) |
| 5:20 | Construir | Lumber Camp |
| 5:26 | Crear | Villager (Male) |
| 5:26 | Crear | Villager (Male) |
| 5:27 | Crear | Villager (Male) |
| 5:52 | Crear | Villager (Male) |
| 5:52 | Crear | Villager (Male) |
| 6:24 | Crear | Villager (Male) |
| 6:24 | Crear | Villager (Male) |
| 6:28 | Construir | House |
| 6:30 | Construir | House |
| 6:42 | Crear | Villager (Male) |
| 6:42 | Crear | Villager (Male) |
| 6:55 | Construir | House |
| 7:14 | Crear | Villager (Male) |
| 7:14 | Crear | Villager (Male) |
| 7:15 | Crear | Villager (Male) |
| 8:10 | Crear | Villager (Male) |
| 8:12 | Crear | Villager (Male) |
| 8:16 | Crear | Villager (Male) |
| 8:23 | Investigar | Loom |
| 8:57 | Construir | Barracks |
| 10:46 | Investigar | Feudal Age |
| 11:08 | Construir | Mill |
| 11:22 | Construir | Mining Camp |
| 11:33 | Crear | Militia |
| 11:34 | Crear | Militia |
| 11:53 | Crear | Villager (Male) |
| 11:54 | Crear | Villager (Male) |
| 12:08 | Crear | Militia |
| 12:26 | Crear | Villager (Male) |
| 12:38 | Crear | Militia |
| 12:38 | Crear | Militia |
| 12:56 | Edad | Edad Feudal |
| 13:06 | Construir | Watch Tower |
| 13:24 | Construir | Mining Camp |
| 13:35 | Crear | Villager (Male) |
| 13:35 | Crear | Villager (Male) |
| 13:52 | Crear | Villager (Male) |
| 14:07 | Construir | Watch Tower |
| 14:15 | Crear | Villager (Male) |
| 15:16 | Construir | Palisade Wall |
| 15:20 | Construir | Palisade Wall |
| 15:33 | Crear | Villager (Male) |
| 15:33 | Crear | Villager (Male) |
| 15:33 | Crear | Villager (Male) |
| 15:47 | Crear | Villager (Male) |
| 15:51 | Crear | Villager (Male) |
| 16:23 | Construir | Watch Tower |
| 16:30 | Crear | Villager (Male) |
| 16:30 | Crear | Villager (Male) |
| 16:33 | Construir | House |
| 16:34 | Construir | House |
| 16:39 | Crear | Spearman |
| 16:39 | Crear | Spearman |
| 17:03 | Crear | Villager (Male) |
| 17:04 | Crear | Villager (Male) |
| 17:40 | Crear | Villager (Male) |
| 17:48 | Crear | Villager (Male) |
| 18:53 | Construir | Mill |
| 19:15 | Crear | Militia |
| 19:57 | Crear | Villager (Male) |
| 20:01 | Construir | House |
| 20:02 | Construir | House |
| 20:02 | Construir | House |
| 20:02 | Construir | House |
| 20:13 | Crear | Villager (Male) |
| 20:34 | Crear | Spearman |
| 21:11 | Construir | Watch Tower |
| 21:16 | Crear | Villager (Male) |
| 21:22 | Crear | Villager (Male) |
| 22:03 | Construir | Watch Tower |
| 22:10 | Crear | Villager (Male) |
| 22:10 | Crear | Villager (Male) |
| 24:34 | Construir | Mill |
| 25:42 | Crear | Villager (Male) |
| 25:42 | Crear | Villager (Male) |
| 25:42 | Crear | Villager (Male) |
| 25:42 | Crear | Villager (Male) |
| 26:48 | Crear | Villager (Male) |
| 26:49 | Crear | Villager (Male) |
| 26:57 | Crear | Villager (Male) |
| 27:29 | Construir | Mill |
| 28:04 | Crear | Villager (Male) |
| 28:52 | Crear | Villager (Male) |
| 28:53 | Crear | Villager (Male) |
| 28:54 | Crear | Villager (Male) |
| 28:56 | Crear | Villager (Male) |
| 29:34 | Crear | Villager (Male) |
| 30:08 | Construir | Palisade Wall |
| 30:16 | Crear | Villager (Male) |
| 31:21 | Construir | Lumber Camp |
| 31:54 | Investigar | Double-Bit Axe |
| 33:02 | Construir | Mining Camp |
| 33:51 | Construir | Town Center |
| 34:36 | Crear | Villager (Male) |
| 34:36 | Crear | Villager (Male) |
| 34:36 | Crear | Villager (Male) |
| 35:06 | Construir | Blacksmith |
| 35:37 | Construir | Mining Camp |
| 35:54 | Construir | Archery Range |
| 36:22 | Investigar | Castle Age |
| 36:22 | Investigar | Castle Age |
| 36:28 | Crear | Villager (Male) |
| 36:28 | Crear | Villager (Male) |
| 36:42 | Construir | Archery Range |
| 36:46 | Crear | Skirmisher |
| 36:46 | Crear | Skirmisher |
| 37:00 | Crear | Villager (Male) |
| 37:00 | Crear | Villager (Male) |
| 37:17 | Construir | House |
| 37:18 | Construir | House |
| 37:18 | Construir | House |
| 37:19 | Construir | House |
| 37:19 | Construir | House |
| 37:25 | Crear | Skirmisher ×3 |
| 37:34 | Crear | Villager (Male) |
| 37:34 | Crear | Villager (Male) |
| 37:38 | Crear | Villager (Male) |
| 37:38 | Crear | Villager (Male) |
| 37:54 | Construir | Mining Camp |
| 38:19 | Crear | Skirmisher ×3 |
| 38:28 | Crear | Villager (Male) |
| 38:29 | Crear | Villager (Male) |
| 38:29 | Crear | Villager (Male) |
| 38:34 | Crear | Villager (Male) |
| 38:35 | Crear | Villager (Male) |
| 38:42 | Crear | Skirmisher ×3 |
| 38:47 | Crear | Villager (Male) |
| 39:02 | Edad | Edad de los Castillos |
| 39:34 | Construir | Castle |
| 39:38 | Construir | House |
| 39:43 | Construir | House |
| 39:50 | Investigar | Elite Skirmisher (upgrade) |
| 39:51 | Crear | Skirmisher |
| 39:55 | Crear | Villager (Male) |
| 39:55 | Crear | Villager (Male) |
Build order — Zuku_Ustaad
Primeras 150 de 190 acciones detectadas
| 0:44 | Construir | Town Center |
| 3:01 | Crear | Villager (Male) |
| 3:02 | Crear | Villager (Male) |
| 3:02 | Crear | Villager (Male) |
| 3:02 | Crear | Villager (Male) |
| 3:03 | Crear | Villager (Male) |
| 3:03 | Crear | Villager (Male) |
| 3:53 | Crear | Villager (Male) |
| 3:53 | Crear | Villager (Male) |
| 3:53 | Crear | Villager (Male) |
| 3:53 | Crear | Villager (Male) |
| 4:13 | Crear | Villager (Male) |
| 4:14 | Crear | Villager (Male) |
| 4:58 | Crear | Villager (Male) |
| 4:59 | Crear | Villager (Male) |
| 5:09 | Crear | Villager (Male) |
| 5:10 | Crear | Villager (Male) |
| 5:10 | Crear | Villager (Male) |
| 5:30 | Crear | Villager (Male) |
| 5:31 | Crear | Villager (Male) |
| 5:31 | Crear | Villager (Male) |
| 5:50 | Crear | Villager (Male) |
| 5:50 | Crear | Villager (Male) |
| 6:42 | Crear | Villager (Male) |
| 6:42 | Crear | Villager (Male) |
| 6:50 | Construir | Lumber Camp |
| 7:36 | Crear | Villager (Male) |
| 8:07 | Crear | Villager (Male) |
| 8:35 | Crear | Villager (Male) |
| 8:41 | Crear | Villager (Male) |
| 8:54 | Construir | Mill |
| 8:56 | Crear | Villager (Male) |
| 9:09 | Crear | Villager (Male) |
| 10:20 | Construir | Mining Camp |
| 10:51 | Investigar | Feudal Age |
| 10:54 | Investigar | Loom |
| 10:55 | Investigar | Feudal Age |
| 12:01 | Construir | Palisade Wall |
| 12:53 | Construir | Palisade Wall |
| 13:09 | Construir | Barracks |
| 13:14 | Crear | Villager (Male) |
| 13:14 | Crear | Villager (Male) |
| 13:31 | Edad | Edad Feudal |
| 13:54 | Construir | Blacksmith |
| 14:26 | Crear | Villager (Male) |
| 14:44 | Construir | Palisade Wall |
| 15:11 | Construir | Watch Tower |
| 15:37 | Crear | Villager (Male) |
| 15:56 | Construir | Archery Range |
| 16:14 | Construir | Palisade Wall |
| 17:04 | Investigar | Castle Age |
| 17:05 | Crear | Archer |
| 18:45 | Investigar | Fletching |
| 18:55 | Construir | Mill |
| 19:33 | Crear | Archer |
| 19:44 | Edad | Edad de los Castillos |
| 19:51 | Crear | Cavalry Archer |
| 19:51 | Crear | Cavalry Archer |
| 20:02 | Crear | Villager (Male) |
| 20:03 | Crear | Villager (Male) |
| 20:13 | Construir | Archery Range |
| 20:33 | Investigar | Double-Bit Axe |
| 20:47 | Crear | Cavalry Archer |
| 20:48 | Crear | Cavalry Archer |
| 21:01 | Crear | Cavalry Archer |
| 21:16 | Crear | Villager (Male) |
| 21:43 | Crear | Cavalry Archer |
| 22:13 | Crear | Villager (Male) |
| 22:14 | Crear | Villager (Male) |
| 22:15 | Crear | Cavalry Archer |
| 22:15 | Crear | Cavalry Archer |
| 23:45 | Crear | Cavalry Archer |
| 23:46 | Crear | Cavalry Archer |
| 23:58 | Construir | Mill |
| 25:07 | Crear | Villager (Male) |
| 25:07 | Crear | Villager (Male) |
| 25:33 | Construir | Market |
| 25:47 | Crear | Villager (Male) |
| 25:57 | Crear | Cavalry Archer |
| 26:19 | Construir | Town Center |
| 26:22 | Crear | Villager (Male) |
| 26:51 | Crear | Villager (Male) |
| 26:53 | Crear | Villager (Male) |
| 27:23 | Crear | Villager (Male) |
| 29:06 | Crear | Villager (Male) |
| 29:06 | Crear | Villager (Male) |
| 29:07 | Crear | Villager (Male) |
| 29:24 | Crear | Villager (Male) |
| 29:50 | Crear | Villager (Male) |
| 29:58 | Construir | Town Center |
| 30:31 | Construir | Farm |
| 30:34 | Construir | Farm |
| 30:44 | Construir | Farm |
| 31:33 | Crear | Villager (Male) |
| 31:33 | Crear | Villager (Male) |
| 31:33 | Crear | Villager (Male) |
| 31:49 | Crear | Villager (Male) |
| 31:49 | Crear | Villager (Male) |
| 31:55 | Construir | Farm |
| 31:58 | Construir | Farm |
| 32:02 | Construir | Farm |
| 32:25 | Crear | Villager (Male) |
| 32:25 | Crear | Villager (Male) |
| 33:01 | Construir | Farm |
| 33:03 | Construir | Farm |
| 33:11 | Construir | Farm |
| 33:12 | Construir | Farm |
| 33:22 | Crear | Villager (Male) |
| 33:22 | Crear | Villager (Male) |
| 33:41 | Crear | Villager (Male) |
| 33:46 | Construir | Farm |
| 33:46 | Construir | Farm |
| 33:47 | Construir | Farm |
| 33:47 | Construir | Farm |
| 33:47 | Construir | Farm |
| 33:47 | Construir | Farm |
| 33:47 | Construir | Farm |
| 34:00 | Crear | Villager (Male) |
| 34:00 | Crear | Villager (Male) |
| 34:06 | Construir | Farm |
| 34:13 | Crear | Villager (Male) |
| 34:14 | Crear | Villager (Male) |
| 34:18 | Construir | Farm |
| 34:38 | Crear | Villager (Male) |
| 34:38 | Crear | Villager (Male) |
| 34:55 | Crear | Villager (Male) |
| 34:55 | Crear | Villager (Male) |
| 35:19 | Crear | Villager (Male) |
| 35:20 | Crear | Villager (Male) |
| 35:23 | Construir | Archery Range |
| 35:28 | Construir | Farm |
| 35:29 | Crear | Villager (Male) |
| 35:29 | Crear | Villager (Male) |
| 35:41 | Construir | Farm |
| 35:59 | Crear | Villager (Male) ×3 |
| 36:06 | Construir | Farm |
| 36:21 | Crear | Villager (Male) |
| 36:21 | Crear | Villager (Male) |
| 36:32 | Investigar | Horse Collar |
| 36:37 | Investigar | Bodkin Arrow |
| 36:40 | Crear | Cavalry Archer |
| 36:50 | Crear | Villager (Male) |
| 36:50 | Crear | Villager (Male) |
| 36:50 | Crear | Villager (Male) |
| 36:55 | Construir | Farm |
| 37:11 | Construir | Stable |
| 37:24 | Crear | Cavalry Archer |
| 37:24 | Crear | Cavalry Archer |
| 37:27 | Investigar | Padded Archer Armor |
| 37:29 | Crear | Villager (Male) |
Build order — ing.alexander02
Primeras 150 de 158 acciones detectadas
| 0:57 | Construir | Town Center |
| 1:32 | Construir | House |
| 2:14 | Construir | House |
| 2:50 | Construir | Mill |
| 3:03 | Crear | Villager (Male) |
| 3:04 | Crear | Villager (Male) |
| 3:04 | Crear | Villager (Male) |
| 3:04 | Crear | Villager (Male) |
| 4:26 | Crear | Villager (Male) |
| 4:58 | Crear | Villager (Male) |
| 5:34 | Crear | Villager (Male) |
| 5:34 | Crear | Villager (Male) |
| 5:41 | Construir | House |
| 6:16 | Crear | Villager (Male) |
| 6:47 | Construir | Mill |
| 6:55 | Crear | Villager (Male) |
| 7:16 | Crear | Villager (Male) |
| 7:53 | Construir | Lumber Camp |
| 7:58 | Crear | Villager (Male) |
| 8:00 | Crear | Villager (Male) |
| 8:28 | Crear | Villager (Male) |
| 8:47 | Crear | Villager (Male) |
| 9:22 | Crear | Villager (Male) |
| 9:24 | Investigar | Loom |
| 10:41 | Investigar | Feudal Age |
| 10:46 | Construir | Barracks |
| 11:21 | Crear | Villager (Male) |
| 12:35 | Crear | Villager (Male) |
| 12:51 | Edad | Edad Feudal |
| 13:01 | Construir | Stable |
| 13:15 | Crear | Villager (Male) |
| 13:35 | Construir | House |
| 13:45 | Crear | Scout Cavalry |
| 13:47 | Construir | House |
| 13:49 | Construir | House |
| 14:03 | Crear | Villager (Male) |
| 14:07 | Crear | Scout Cavalry |
| 14:21 | Construir | Palisade Wall |
| 14:24 | Crear | Villager (Male) |
| 14:33 | Crear | Scout Cavalry |
| 14:59 | Crear | Scout Cavalry |
| 15:34 | Crear | Villager (Male) |
| 15:40 | Crear | Scout Cavalry |
| 16:05 | Crear | Villager (Male) |
| 16:10 | Construir | Palisade Wall |
| 16:12 | Crear | Scout Cavalry |
| 16:20 | Crear | Villager (Male) |
| 16:27 | Construir | Mill |
| 16:29 | Crear | Villager (Male) |
| 16:34 | Construir | Farm |
| 17:24 | Crear | Spearman |
| 17:25 | Crear | Spearman |
| 17:26 | Crear | Spearman |
| 17:49 | Construir | Palisade Wall |
| 17:52 | Construir | Palisade Wall |
| 18:08 | Crear | Villager (Male) |
| 18:24 | Crear | Spearman |
| 18:32 | Crear | Villager (Male) |
| 19:04 | Construir | Farm |
| 19:16 | Construir | Farm |
| 19:41 | Crear | Villager (Male) |
| 20:01 | Crear | Villager (Male) |
| 20:06 | Construir | Watch Tower |
| 20:16 | Crear | Villager (Male) |
| 20:46 | Crear | Villager (Male) |
| 20:58 | Crear | Villager (Male) |
| 21:10 | Crear | Villager (Male) |
| 21:29 | Crear | Villager (Male) |
| 21:40 | Crear | Spearman |
| 21:41 | Crear | Spearman |
| 21:42 | Crear | Spearman |
| 21:51 | Crear | Villager (Male) |
| 22:09 | Construir | House |
| 22:40 | Crear | Villager (Male) |
| 22:52 | Crear | Villager (Male) |
| 23:14 | Crear | Spearman |
| 23:21 | Construir | House |
| 23:23 | Construir | House |
| 23:32 | Construir | Farm |
| 23:39 | Crear | Spearman |
| 23:45 | Crear | Villager (Male) |
| 24:01 | Crear | Spearman |
| 24:18 | Crear | Villager (Male) |
| 24:28 | Crear | Villager (Male) |
| 24:37 | Crear | Villager (Male) |
| 24:39 | Construir | Farm |
| 24:48 | Crear | Villager (Male) |
| 25:13 | Crear | Villager (Male) |
| 25:20 | Crear | Spearman |
| 25:20 | Crear | Spearman |
| 25:34 | Crear | Villager (Male) |
| 25:46 | Crear | Spearman |
| 26:22 | Construir | Blacksmith |
| 26:26 | Crear | Villager (Male) |
| 26:43 | Investigar | Castle Age |
| 26:45 | Crear | Spearman |
| 26:48 | Crear | Spearman |
| 27:01 | Investigar | Double-Bit Axe |
| 27:26 | Crear | Spearman |
| 27:39 | Crear | Spearman |
| 27:54 | Construir | House |
| 27:55 | Construir | House |
| 28:16 | Construir | House |
| 28:46 | Crear | Spearman |
| 28:47 | Crear | Spearman |
| 29:28 | Edad | Edad de los Castillos |
| 29:32 | Construir | Castle |
| 30:02 | Construir | Town Center |
| 30:11 | Crear | Villager (Male) |
| 30:16 | Crear | Villager (Male) |
| 31:01 | Investigar | Pikeman (upgrade) |
| 31:02 | Investigar | Squires |
| 31:47 | Crear | Conquistador |
| 32:09 | Crear | Villager (Male) |
| 32:37 | Construir | Farm |
| 32:49 | Construir | Market |
| 33:14 | Construir | Farm |
| 33:15 | Construir | Farm |
| 33:15 | Construir | Farm |
| 33:15 | Construir | Farm |
| 33:15 | Construir | Farm |
| 33:16 | Construir | Farm |
| 33:16 | Construir | Farm |
| 33:17 | Construir | Farm |
| 33:33 | Crear | Conquistador |
| 33:43 | Construir | Farm |
| 34:09 | Crear | Villager (Male) |
| 34:10 | Crear | Villager (Male) |
| 34:13 | Crear | Conquistador |
| 34:33 | Crear | Conquistador |
| 34:36 | Crear | Villager (Male) |
| 34:37 | Crear | Villager (Male) |
| 34:39 | Construir | Farm |
| 34:46 | Construir | Farm |
| 35:00 | Crear | Villager (Male) |
| 35:00 | Crear | Villager (Male) |
| 35:04 | Crear | Spearman |
| 35:08 | Construir | Farm |
| 35:11 | Construir | Farm |
| 35:33 | Crear | Villager (Male) |
| 35:37 | Construir | Farm |
| 35:38 | Crear | Villager (Male) |
| 35:40 | Construir | Farm |
| 36:01 | Crear | Villager (Male) |
| 36:28 | Construir | Watch Tower |
| 36:30 | Construir | House |
| 36:32 | Construir | House |
| 36:33 | Construir | House |
| 36:34 | Construir | House |
| 37:02 | Crear | Conquistador |
Build order — linb4411
Primeras 150 de 301 acciones detectadas
| 0:06 | Construir | Town Center |
| 1:51 | Construir | House |
| 1:52 | Construir | House |
| 2:14 | Crear | Villager (Male) |
| 2:15 | Crear | Villager (Male) |
| 2:15 | Crear | Villager (Male) |
| 2:15 | Crear | Villager (Male) |
| 3:35 | Crear | Villager (Male) |
| 3:35 | Crear | Villager (Male) |
| 3:55 | Crear | Villager (Male) |
| 3:55 | Crear | Villager (Male) |
| 4:26 | Crear | Villager (Male) |
| 4:26 | Crear | Villager (Male) |
| 4:48 | Crear | Villager (Male) |
| 4:48 | Crear | Villager (Male) |
| 5:34 | Crear | Villager (Male) |
| 5:34 | Crear | Villager (Male) |
| 5:34 | Crear | Villager (Male) |
| 5:42 | Construir | House |
| 5:44 | Construir | House |
| 5:58 | Crear | Villager (Male) |
| 5:58 | Crear | Villager (Male) |
| 6:38 | Crear | Villager (Male) |
| 6:39 | Crear | Villager (Male) |
| 6:55 | Construir | Mill |
| 7:06 | Crear | Villager (Male) |
| 7:06 | Crear | Villager (Male) |
| 7:07 | Crear | Villager (Male) |
| 7:53 | Construir | Barracks |
| 7:58 | Crear | Villager (Male) |
| 7:58 | Crear | Villager (Male) |
| 8:19 | Crear | Villager (Male) |
| 8:31 | Crear | Villager (Male) |
| 8:58 | Crear | Villager (Male) |
| 8:58 | Crear | Villager (Male) |
| 10:08 | Investigar | Loom |
| 10:08 | Investigar | Loom |
| 10:16 | Construir | House |
| 10:17 | Construir | House |
| 10:39 | Investigar | Feudal Age |
| 10:39 | Investigar | Feudal Age |
| 11:01 | Construir | House |
| 11:16 | Crear | Militia |
| 11:29 | Construir | Mule Cart |
| 12:33 | Crear | Villager (Male) |
| 12:33 | Crear | Villager (Male) |
| 12:49 | Edad | Edad Feudal |
| 12:54 | Investigar | Double-Bit Axe |
| 12:54 | Investigar | Double-Bit Axe |
| 13:01 | Construir | Stable |
| 13:29 | Construir | Blacksmith |
| 13:44 | Crear | Villager (Male) |
| 13:49 | Crear | Scout Cavalry |
| 13:50 | Crear | Scout Cavalry |
| 13:50 | Crear | Scout Cavalry |
| 13:50 | Crear | Scout Cavalry |
| 13:57 | Investigar | Horse Collar |
| 13:57 | Investigar | Horse Collar |
| 14:55 | Crear | Villager (Male) |
| 14:55 | Crear | Villager (Male) |
| 14:55 | Crear | Villager (Male) |
| 15:16 | Crear | Villager (Male) |
| 15:31 | Construir | House |
| 15:31 | Construir | House |
| 15:32 | Construir | House |
| 15:37 | Investigar | Scale Barding Armor |
| 15:37 | Investigar | Scale Barding Armor |
| 15:42 | Crear | Scout Cavalry |
| 15:42 | Crear | Scout Cavalry |
| 16:06 | Crear | Villager (Male) |
| 16:12 | Construir | Market |
| 16:25 | Crear | Scout Cavalry |
| 16:25 | Crear | Scout Cavalry |
| 16:32 | Crear | Villager (Male) |
| 16:54 | Crear | Villager (Male) |
| 16:55 | Crear | Villager (Male) |
| 16:59 | Crear | Scout Cavalry |
| 16:59 | Crear | Scout Cavalry |
| 17:24 | Crear | Villager (Male) |
| 17:59 | Crear | Villager (Male) |
| 17:59 | Crear | Villager (Male) |
| 17:59 | Crear | Villager (Male) |
| 18:05 | Construir | Farm |
| 18:05 | Construir | Farm |
| 18:05 | Construir | Farm |
| 18:05 | Construir | Farm |
| 18:06 | Construir | Farm |
| 18:25 | Crear | Scout Cavalry |
| 18:25 | Crear | Scout Cavalry |
| 18:25 | Crear | Scout Cavalry |
| 18:34 | Construir | Farm |
| 18:34 | Construir | Farm |
| 18:36 | Crear | Villager (Male) |
| 19:02 | Construir | Stable |
| 19:12 | Crear | Villager (Male) |
| 19:47 | Construir | Farm |
| 19:48 | Construir | Farm |
| 19:48 | Construir | Farm |
| 19:48 | Construir | Farm |
| 19:52 | Construir | Farm |
| 19:52 | Construir | Farm |
| 19:52 | Construir | Farm |
| 19:53 | Construir | Farm |
| 20:06 | Crear | Villager (Male) |
| 20:09 | Investigar | Bloodlines |
| 20:09 | Investigar | Bloodlines |
| 20:18 | Crear | Villager (Male) |
| 20:19 | Crear | Villager (Male) |
| 20:19 | Crear | Villager (Male) |
| 20:38 | Crear | Villager (Male) |
| 21:30 | Construir | Stable |
| 22:00 | Investigar | Castle Age |
| 22:01 | Investigar | Castle Age |
| 22:28 | Crear | Scout Cavalry |
| 22:29 | Crear | Scout Cavalry |
| 22:29 | Crear | Scout Cavalry |
| 22:36 | Investigar | Gold Mining |
| 22:36 | Investigar | Gold Mining |
| 23:41 | Crear | Scout Cavalry |
| 23:41 | Crear | Scout Cavalry |
| 23:42 | Crear | Scout Cavalry |
| 24:26 | Crear | Villager (Male) |
| 24:49 | Crear | Villager (Male) |
| 24:51 | Edad | Edad de los Castillos |
| 24:58 | Crear | Knight |
| 24:58 | Crear | Knight |
| 24:59 | Crear | Knight |
| 24:59 | Crear | Knight |
| 24:59 | Crear | Knight |
| 25:08 | Construir | Mule Cart |
| 25:11 | Investigar | Stone Mining |
| 25:13 | Crear | Villager (Male) |
| 25:14 | Crear | Villager (Male) |
| 25:35 | Construir | House |
| 25:36 | Construir | House |
| 25:36 | Construir | House |
| 25:37 | Construir | House |
| 25:38 | Construir | House |
| 26:10 | Construir | Monastery |
| 26:15 | Crear | Villager (Male) |
| 26:46 | Crear | Knight |
| 26:47 | Crear | Knight |
| 26:47 | Crear | Knight |
| 26:47 | Crear | Knight |
| 26:47 | Crear | Knight |
| 26:58 | Crear | Villager (Male) |
| 26:59 | Crear | Villager (Male) |
| 27:13 | Crear | Knight |
| 27:13 | Crear | Knight |
| 27:31 | Construir | Town Center |
Cronología de la partida
| 4:18 | simon70828 · first_building Barracks |
| 7:53 | linb4411 · first_building Barracks |
| 10:46 | ing.alexander02 · first_building Barracks |
| 12:01 | Zuku_Ustaad · wall_segment Palisade Wall x1 |
| 12:49 | linb4411 · age_up feudal |
| 12:51 | ing.alexander02 · age_up feudal |
| 12:53 | Zuku_Ustaad · wall_segment Palisade Wall x3 |
| 12:56 | simon70828 · age_up feudal |
| 13:01 | ing.alexander02 · first_building Stable |
| 13:01 | linb4411 · first_building Stable |
| 13:09 | Zuku_Ustaad · first_building Barracks |
| 13:31 | Zuku_Ustaad · age_up feudal |
| 14:21 | ing.alexander02 · wall_segment Palisade Wall x16 |
| 14:44 | Zuku_Ustaad · wall_segment Palisade Wall x11 |
| 15:16 | simon70828 · wall_segment Palisade Wall x1 |
| 15:20 | simon70828 · wall_segment Palisade Wall x1 |
| 15:56 | Zuku_Ustaad · first_building Archery Range |
| 16:10 | ing.alexander02 · wall_segment Palisade Wall x2 |
| 16:14 | Zuku_Ustaad · wall_segment Palisade Wall x1 |
| 17:49 | ing.alexander02 · wall_segment Palisade Wall x1 |
| 17:52 | ing.alexander02 · wall_segment Palisade Wall x1 |
| 19:44 | Zuku_Ustaad · age_up castle |
| 21:58 | linb4411 · first_market_buy 100 food |
| 24:51 | linb4411 · age_up castle |
| 26:10 | linb4411 · first_building Monastery |
| 26:11 | Zuku_Ustaad · first_market_buy 100 stone |
| 29:28 | ing.alexander02 · age_up castle |
| 29:32 | ing.alexander02 · first_building Castle |
| 30:08 | simon70828 · wall_segment Palisade Wall x1 |
| 30:40 | linb4411 · first_building Castle |
| 34:07 | ing.alexander02 · first_market_buy 100 food |
| 35:54 | simon70828 · first_building Archery Range |
| 37:11 | Zuku_Ustaad · first_building Stable |
| 38:47 | ing.alexander02 · first_building Monastery |
| 39:02 | simon70828 · age_up castle |
| 39:34 | simon70828 · first_building Castle |
| 40:46 | ing.alexander02 · resign |
[ ANÁLISIS IA · 1 CRÉDITO ]
¿Qué pasó realmente en esta partida?
Wolo.gg analiza cada decisión: build order, eco, micro, errores típicos por bracket. Análisis personalizado por WhatsApp o Discord en 30 segundos.
Guía civ
Españoles
Perfil
Jugador #9504845